 Dungeon Crawl Stone Soup version 0.29.0-4-gdea44cf6ec (webtiles) character file.

Game seed: 819694278219103139

12192 qw the Cleaver (level 11, -2/67 HPs)
             Began as a Tengu Warper on Aug 28, 2022.
             Was an Elder of Okawaru.
             Slain by a boulder beetle (14 damage)
             ... on level 2 of the Lair of Beasts.
             The game lasted 00:01:24 (11330 turns).

qw the Cleaver (Tengu Warper)                      Turns: 11330, Time: 00:01:24

Health: -2/67      AC: 19    Str: 16    XL:     11   Next: 89%
Magic:  16/16      EV: 13    Int: 14    God:    Okawaru [****..]
Gold:   563        SH:  6    Dex: 13    Spells: 14/14 levels left

rFire   + . .      SeeInvis .   Y - +2 war axe (vorpal)
rCold   . . .      Faith    .   f - +1 buckler "Parebeka" {Fly Will++ Stlth-}
rNeg    . . .      Spirit   .   b - +3 chain mail {rF+}
rPois   .          Reflect  .   (helmet restricted)
rElec   .          Harm     .   n - +0 cloak
rCorr   .          Rampage  .   i - +2 pair of gloves
Will    ++...                   (boots unavailable)
Stlth   ..........              e - amulet of regeneration
HPRegen 1.81/turn               k - +4 ring of evasion
MPRegen 0.15/turn               (no ring)

@: about to teleport, flying quickly and evasively, quick
A: beak, talons 3, nimble flight, iridescent scales 1, regeneration 1
a: Renounce Religion, Heroism, Finesse


You were on level 2 of the Lair of Beasts.
You worshipped Okawaru.
Okawaru was greatly pleased with you.
You visited 3 branches of the dungeon, and saw 12 of its levels.

You collected 680 gold pieces.
You spent 117 gold pieces at shops.


Innate Abilities, Weirdness & Mutations

You have a beak for a mouth.
You have claws for feet.
Your magical nature lets you fly swiftly and evasively.
You are partially covered in iridescent scales. (AC +2)
Your natural rate of healing is unusually fast.


   Skills:
 - Level 7.1 Fighting
 + Level 14.5 Axes
 - Level 4.0 Throwing
 - Level 6.1 Armour
 - Level 4.2 Dodging
 - Level 4.0 Shields
 - Level 2.0 Spellcasting
 - Level 2.4 Translocations
 + Level 6.2 Invocations


You had 14 spell levels left.
You didn't know any spells.
Your spell library contained the following spells:

 Spells                   Type           Power      Damage    Failure   Level
 Blink                    Tloc           16%        N/A       94%         2
 Gell's Gravitas          Tloc           8%         N/A       99%         3
 Lesser Beckoning         Tloc           8%         N/A       99%         3
 Teleport Other           Tloc           8%         N/A       99%         3
 Manifold Assault         Tloc           8%         N/A       100%        5

Inventory:

Hand Weapons
 g - a +1 flail of protection
 Y - a +2 vorpal war axe (weapon)
Armour
 b - a +3 chain mail of fire resistance (worn)
 d - a +0 plate armour
 f - the +1 buckler "Parebeka" (worn) {Fly Will++ Stlth-}
   (You acquired it on level 5 of the Dungeon)

   Fly:       It grants you flight.
   Will:      It greatly increases your willpower.
   Stlth:     It makes you less stealthy.
 i - a +2 pair of gloves (worn)
 n - a +0 cloak (worn)
Jewellery
 e - an amulet of regeneration (around neck)
 k - a +4 ring of evasion (left hand)
Scrolls
 c - a scroll of identify
Potions
 a - 3 potions of mutation
 h - 5 potions of curing
 j - 2 potions of haste
 m - 3 potions of heal wounds
 r - a potion of cancellation
 t - a potion of magic {unknown}

Dungeon Overview and Level Annotations

Branches:
Dungeon (9/15)             Temple (1/1) D:6            Lair (2/5) D:9
  Swamp (0/4) Lair:2
  Snake: Lair:2-3    Spider: Lair:2-3       Orc: D:9-12

Altars:
Ashenzari
Cheibriados
Dithmenos
Elyvilon
Fedhas
Gozag
Hepliaklqana
Kikubaaqudgha
Makhleb
Nemelex Xobeh
Okawaru
Qazlal
Ru
Sif Muna
Trog
Uskayaw
Vehumet
Wu Jian
Xom
Yredelemnul
Zin
The Shining One

Shops:
D:1 ?   D:2 *   D:3 :

Annotations:
Lair:1 3 runed translucent doors, qw's ghost, journeyman TeWr


Message History

You slash the boulder beetle!
You claw the boulder beetle, but do no damage.
You peck the boulder beetle, but do no damage.
The boulder beetle is heavily wounded.
The boulder beetle bites you.
You hit the boulder beetle but do no damage.
You claw the boulder beetle, but do no damage.
You peck the boulder beetle, but do no damage.
The boulder beetle is heavily wounded.
The boulder beetle bites you but does no damage.
You hit the boulder beetle but do no damage.
You claw the boulder beetle, but do no damage.
The boulder beetle is heavily wounded.
You hit the boulder beetle but do no damage.
You claw the boulder beetle, but do no damage.
You peck the boulder beetle, but do no damage.
The boulder beetle is heavily wounded.
The boulder beetle bites you but does no damage.
You hit the boulder beetle but do no damage.
You claw the boulder beetle, but do no damage.
The boulder beetle is heavily wounded.
The boulder beetle leaps!
Throw: javelin
Press: ? - help, Q - select action Shift-Dir - straight line, f - boulder beetle You throw a javelin.
The javelin pierces through the boulder beetle but does no damage.
The boulder beetle is heavily wounded.
The boulder beetle curls into a ball and begins rolling!
You hit the boulder beetle but do no damage.
You peck the boulder beetle, but do no damage.
The boulder beetle is heavily wounded.
The boulder beetle hits you!!
The boulder beetle stops rolling and uncurls.
You hear an angry hiss.
11330 ||| READING scroll of teleportation.
As you read the scroll of teleportation, it crumbles to dust.
You feel strangely unstable.
You feel like a meek peon again. The boulder beetle bites you!
You die...

.....#......
...(.......#
...........#####
...............
.......... ...
:........##.#
......0....#
.......B...##
...0##.@....### .#
##......P#
.##...%..## ##
¤..........## #<
¤~~¤¤.#......## ###.
n¤77~.#.......####...
~ >¤7.#.#......##...#
~¤¤~.####....(.#...#
7~ . #..........#


You could see a boulder beetle.

Vanquished Creatures
  2 hydras (Lair:1)
  A two-headed ogre (D:9)
  A death yak (Lair:1)
  A lindwurm (Lair:2)
  2 black mambas (Lair:1)
  A torpor snail (Lair:1)
  A komodo dragon (Lair:1)
  2 hornets
  A troll (D:9)
  5 blink frogs (Lair:1)
  A shadow (D:9)
  A wyvern (D:9)
  9 yaks
  3 basilisks
  A steam dragon (D:7)
  An acid dragon (D:9)
  4 water moccasins
  Duvessa (D:7)
  3 orc warriors
  A black bear (Lair:1)
  A sky beast (D:7)
  3 ice beasts
  An ogre (D:7)
  2 centaurs
  3 wolves (Lair:2)
  3 bullfrogs
  4 scorpions (D:9)
  2 necrophages
  7 wights
  Dowan (D:7)
  5 electric eels (D:8)
  4 howler monkeys (D:9)
  A vampire bat (D:4)
  2 hounds
  3 gnoll boudas
  5 orc priests
  3 iguanas
  2 jellies
  Terence (D:2)
  Natasha (thrice) (D:2)
  12 orc wizards
  A statue (D:9)
  Robin (D:2)
  18 gnolls
  12 adders
  A river rat (D:3)
  An ufetubus (D:5)
  2 worms
  A dart slug (D:2)
  30 orcs
  A bat skeleton (D:4)
  5 bat zombies (D:4)
  6 endoplasms
  4 giant cockroaches
  19 goblins
  10 hobgoblins
  6 jackals
  3 quokkas
  4 ball pythons
  12 bats
  5 frilled lizards
  6 kobolds
  9 rats
  A spectral orc (D:6)
268 creatures vanquished.

Vanquished Creatures (others)
  10 fungi
  24 plants
34 creatures vanquished.

Grand Total: 302 creatures vanquished

Notes
Turn   | Place    | Note
-------+----------+-------------------------------------------
     0 | D:1      | qw the Tengu Warper began the quest for the Orb.
     0 | D:1      | Reached XP level 1. HP: 12/12 MP: 4/4
     0 | D:1      | 0 ||| qw: Version: 0.1-a-89-g26bdef1
     0 | D:1      | 0 ||| qw: Game counter: 985
     0 | D:1      | 0 ||| qw: Always use a shield: true
     0 | D:1      | 0 ||| qw: God list: Okawaru
     0 | D:1      | 0 ||| qw: Allow faded altars: false
     0 | D:1      | 0 ||| qw: Do Orc after D:15 true
     0 | D:1      | 0 ||| qw: Do second Lair branch before Depths: true
     0 | D:1      | 0 ||| qw: Lair rune preference: random
     0 | D:1      | 0 ||| qw: Plans: Normal
     0 | D:1      | 0 ||| PLANNING D:1-11
   251 | D:1      | Reached skill level 3 in Axes
   251 | D:1      | Reached XP level 2. HP: 17/17 MP: 6/6
   256 | D:1      | Found Bucrapot's Magic Scroll Shop.
   269 | D:1      | 269 ||| SHOPLISTING scroll of brand weapon (123 gold, have
                  | 9).
   269 | D:1      | 269 ||| SHOPLISTING scroll of identify (26 gold, have 9).
   298 | D:1      | 298 ||| Stepping ~*~*~tactically~*~*~ (stealth).
   300 | D:1      | 300 ||| Stepping ~*~*~tactically~*~*~ (stealth).
   672 | D:1      | 672 ||| UPGRADING to +0 ring mail.
   673 | D:1      | 673 ||| UPGRADING to +0 ring mail.
   680 | D:1      | Reached XP level 3. HP: 21/21 MP: 7/7
   684 | D:1      | 684 ||| UPGRADING to +0 ring mail.
   694 | D:1      | 694 ||| DROPPING +0 leather armour.
   695 | D:1      | Found a faded altar of an unknown god.
   839 | D:1      | 839 ||| READING scroll labelled GULUECW RUHAOCS.
   842 | D:1      | 842 ||| READING scroll labelled GAUSOTT RYHEFUERE.
   843 | D:1      | 843 ||| DRINKING 2 bubbling black potions.
   844 | D:1      | 844 ||| DROPPING scroll of blinking.
   866 | D:2      | 866 ||| STAIRDANCE
   873 | D:2      | 873 ||| STAIRDANCE
   977 | D:2      | Noticed Robin
   978 | D:2      | 978 ||| STAIRDANCE
   986 | D:1      | Reached skill level 4 in Axes
  1105 | D:2      | 1105 ||| STAIRDANCE
  1175 | D:2      | 1175 ||| STAIRDANCE
  1245 | D:2      | 1245 ||| STAIRDANCE
  1287 | D:2      | 1287 ||| STAIRDANCE
  1334 | D:2      | 1334 ||| Stepping ~*~*~tactically~*~*~ (stealth).
  1344 | D:2      | 1344 ||| Stepping ~*~*~tactically~*~*~ (stealth).
  1347 | D:2      | 1347 ||| Stepping ~*~*~tactically~*~*~ (stealth).
  1349 | D:2      | 1349 ||| Stepping ~*~*~tactically~*~*~ (hiding).
  1350 | D:2      | 1350 ||| Stepping ~*~*~tactically~*~*~ (hiding).
  1441 | D:2      | Noticed Terence
  1446 | D:2      | 1446 ||| FLEEEEING.
  1447 | D:2      | 1447 ||| FLEEEEING.
  1448 | D:2      | 1448 ||| FLEEEEING.
  1449 | D:2      | 1449 ||| FLEEEEING.
  1450 | D:2      | 1450 ||| FLEEEEING.
  1451 | D:2      | 1451 ||| FLEEEEING.
  1453 | D:2      | 1453 ||| FLEEEEING.
  1454 | D:2      | 1454 ||| FLEEEEING.
  1455 | D:2      | 1455 ||| FLEEEEING.
  1456 | D:2      | 1456 ||| STAIRDANCE
  1528 | D:2      | 1528 ||| STAIRDANCE
  1546 | D:2      | HP: 1/21 [Terence/+0 short sword (7)]
  1547 | D:2      | 1547 ||| DRINKING potion of heal wounds.
  1553 | D:2      | Killed Terence
  1554 | D:2      | Reached XP level 4. HP: 22/26 MP: 8/8
  1554 | D:2      | 1554 ||| STAIRDANCE
  1642 | D:2      | Reached skill level 5 in Axes
  1650 | D:2      | Noticed Natasha
  1658 | D:2      | Killed Natasha
  1793 | D:2      | Killed Robin
  1794 | D:2      | Gained mutation: Your magical nature lets you fly swiftly
                  | and evasively. [Tengu growth]
  1794 | D:2      | Reached XP level 5. HP: 13/30 MP: 9/9
  2031 | D:2      | 2031 ||| Stepping ~*~*~tactically~*~*~ (stealth).
  2088 | D:2      | Noticed Natasha
  2092 | D:2      | 2092 ||| Stepping ~*~*~tactically~*~*~ (hiding).
  2100 | D:2      | HP: 7/30 [Natasha (6)]
  2103 | D:2      | Killed Natasha
  2104 | D:2      | Reached skill level 6 in Axes
  2501 | D:2      | Found Dudomyrph's Assorted Antiques.
  2502 | D:2      | 2502 ||| DROPPING +0 club.
  2507 | D:2      | 2507 ||| BUYING ruby potion (27 gold).
  2507 | D:2      | Bought a ruby potion for 27 gold pieces
  2507 | D:2      | 2507 ||| BUYING scroll labelled RAINWI MOTEOSM (30 gold).
  2507 | D:2      | Bought a scroll labelled RAINWI MOTEOSM for 30 gold pieces
  2507 | D:2      | 2507 ||| BUYING scroll labelled RAINWI MOTEOSM (30 gold).
  2507 | D:2      | Bought a scroll labelled RAINWI MOTEOSM for 30 gold pieces
  2507 | D:2      | 2507 ||| BUYING scroll labelled VOSOSELUOZ (30 gold).
  2507 | D:2      | Bought a scroll labelled VOSOSELUOZ for 30 gold pieces
  2507 | D:2      | 2507 ||| SHOPLISTING scroll of teleportation (90 gold, have
                  | 13).
  2507 | D:2      | 2507 ||| SHOPLISTING smoky orange potion (27 gold, have
                  | 13).
  2531 | D:2      | Noticed Natasha
  2539 | D:2      | Killed Natasha
  2787 | D:2      | 2787 ||| UPGRADING to +3 chain mail of fire resistance.
  2797 | D:2      | 2797 ||| DROPPING +0 ring mail.
  2798 | D:2      | 2798 ||| UPGRADING to amulet of regeneration.
  2803 | D:2      | 2803 ||| UPGRADING to +4 ring of evasion.
  2804 | D:2      | 2804 ||| READING 3 scrolls labelled RAINWI MOTEOSM.
  2805 | D:2      | 2805 ||| READING scroll labelled VOSOSELUOZ.
  2806 | D:2      | 2806 ||| DRINKING 3 fizzy brown potions.
  2806 | D:2      | Gained mutation: Your natural rate of healing is unusually
                  | fast. [potion of mutation]
  2806 | D:2      | Gained mutation: You are partially covered in iridescent
                  | scales. (AC +2) [potion of mutation]
  2807 | D:2      | 2807 ||| READING 2 scrolls of identify.
  2807 | D:2      | 2807 ||| IDENTIFYING purple potion
  2808 | D:2      | 2808 ||| DROPPING potion of ambrosia.
  2851 | D:3      | 2851 ||| PLANNING SEWER
  2936 | D:3      | Noticed an ice beast
  2955 | D:3      | Killed an ice beast
  2956 | D:3      | Reached skill level 3 in Armour
  2956 | D:3      | Reached XP level 6. HP: 30/35 MP: 10/10
  3278 | D:3      | 3278 ||| Stepping ~*~*~tactically~*~*~ (stealth).
  3371 | D:3      | Found Hamata's Book Shop.
  3540 | D:3      | Found a glowing silver altar of Zin.
  3583 | D:3      | 3583 ||| RIP SEWER
  3639 | D:3      | 3639 ||| PLANNING D:1-11
  3641 | D:3      | 3641 ||| Stepping ~*~*~tactically~*~*~ (stealth).
  3776 | D:3      | 3776 ||| READING scroll labelled FIS VIVARYASKU.
  3777 | D:3      | 3777 ||| READING 4 scrolls of identify.
  3777 | D:3      | 3777 ||| IDENTIFYING ruby potion
  3778 | D:3      | 3778 ||| READING 3 scrolls of identify.
  3778 | D:3      | 3778 ||| IDENTIFYING puce potion
  3779 | D:3      | 3779 ||| READING 2 scrolls of identify.
  3779 | D:3      | 3779 ||| IDENTIFYING bubbling green potion
  3780 | D:3      | 3780 ||| DROPPING potion of flight.
  3781 | D:3      | 3781 ||| READING scroll of teleportation.
  3822 | D:4      | 3822 ||| Stepping ~*~*~tactically~*~*~ (stealth).
  3834 | D:4      | Reached skill level 7 in Axes
  3914 | D:4      | Reached XP level 7. HP: 40/40 MP: 11/11
  3978 | D:4      | Found an ancient bone altar of Kikubaaqudgha.
  4003 | D:4      | Reached skill level 3 in Fighting
  4188 | D:4      | 4188 ||| Stepping ~*~*~tactically~*~*~ (stealth).
  4189 | D:4      | 4189 ||| Stepping ~*~*~tactically~*~*~ (stealth).
  4226 | D:4      | 4226 ||| Stepping ~*~*~tactically~*~*~ (stealth).
  4228 | D:4      | 4228 ||| Stepping ~*~*~tactically~*~*~ (stealth).
  4396 | D:5      | Entered Level 5 of the Dungeon
  4396 | D:5      | Found a hide-covered altar of Uskayaw.
  4443 | D:5      | Reached skill level 8 in Axes
  4486 | D:5      | 4486 ||| SWAPPING to +0 war axe.
  4488 | D:5      | 4488 ||| DROPPING +0 hand axe.
  4530 | D:5      | 4530 ||| Stepping ~*~*~tactically~*~*~ (hiding).
  4533 | D:5      | 4533 ||| Stepping ~*~*~tactically~*~*~ (hiding).
  4534 | D:5      | 4534 ||| Stepping ~*~*~tactically~*~*~ (stealth).
  4580 | D:5      | 4580 ||| DROPPING +0 mace.
  4600 | D:5      | 4600 ||| Stepping ~*~*~tactically~*~*~ (stealth).
  4640 | D:5      | Reached XP level 8. HP: 46/46 MP: 12/12
  4701 | D:5      | Reached skill level 9 in Axes
  5068 | D:5      | 5068 ||| READING scroll labelled RERRA OHIODDOW.
  5068 | D:5      | Identified a scroll of acquirement
  5068 | D:5      | 5068 ||| ACQUIRING +1 buckler "Parebeka" {Fly Will++
                  | Stlth-}
  5068 | D:5      | Acquired the +1 buckler "Parebeka" {Fly Will++ Stlth-}
  5070 | D:5      | 5070 ||| UPGRADING to +1 buckler "Parebeka" {Fly Will++
                  | Stlth-}.
  5129 | D:5      | 5129 ||| Stepping randomly (stuck).
  5189 | D:6      | Reached skill level 1 in Shields
  5218 | D:6      | HP: 3/44 [wight/+3 long sword (11)]
  5219 | D:6      | 5219 ||| DRINKING 3 potions of heal wounds.
  5227 | D:6      | Found a broken altar of Ashenzari.
  5388 | D:6      | Found a basalt altar of Yredelemnul.
  5448 | D:6      | Found a staircase to the Ecumenical Temple.
  5449 | D:6      | 5449 ||| PLANNING TEMPLE
  5449 | D:6      | 5449 ||| READING scroll labelled EKOW PI XEZACW.
  5450 | D:6      | 5450 ||| READING scroll labelled ETU NITTOGUCUQ.
  5566 | Temple   | Entered the Ecumenical Temple
  5663 | Temple   | Became a worshipper of Warmaster Okawaru
  6031 | Temple   | 6031 ||| PLANNING D:1-11
  6113 | D:6      | 6113 ||| DROPPING +0 flail.
  6165 | D:6      | Reached skill level 10 in Axes
  6600 | D:6      | 6600 ||| UPGRADING to +0 cloak.
  6683 | D:5      | Found a white marble altar of Elyvilon.
  6684 | D:5      | 6684 ||| READING scroll labelled SIXAUR METSU.
  6716 | D:7      | Reached skill level 3 in Shields
  6758 | D:7      | 6758 ||| Stepping ~*~*~tactically~*~*~ (hiding).
  6766 | D:7      | Reached XP level 9. HP: 52/52 MP: 13/13
  6892 | D:7      | Reached * piety under Okawaru
  7019 | D:7      | Noticed a hornet
  7027 | D:7      | Paralysed by a hornet for 3 turns
  7030 | D:7      | 7030 ||| INVOKING Heroism.
  7031 | D:7      | Killed a hornet
  7031 | D:7      | HP: 12/54 [poisoned by a hornet]
  7032 | D:7      | Reached skill level 1 in Invocations
  7064 | D:7      | 7064 ||| Stepping ~*~*~tactically~*~*~ (stealth).
  7068 | D:7      | 7068 ||| Stepping ~*~*~tactically~*~*~ (stealth).
  7070 | D:7      | 7070 ||| Stepping ~*~*~tactically~*~*~ (hiding).
  7079 | D:7      | 7079 ||| INVOKING Heroism.
  7126 | D:7      | Noticed Dowan
  7127 | D:7      | 7127 ||| INVOKING Heroism.
  7127 | D:7      | Noticed Duvessa
  7128 | D:7      | 7128 ||| Stepping ~*~*~tactically~*~*~ (hiding).
  7138 | D:7      | Killed Duvessa
  7142 | D:7      | 7142 ||| INVOKING Heroism.
  7144 | D:7      | Killed Dowan
  7172 | D:7      | 7172 ||| Stepping ~*~*~tactically~*~*~ (hiding).
  7173 | D:7      | 7173 ||| Stepping ~*~*~tactically~*~*~ (hiding).
  7175 | D:7      | 7175 ||| Stepping ~*~*~tactically~*~*~ (hiding).
  7971 | D:7      | 7971 ||| Stepping ~*~*~tactically~*~*~ (hiding).
  8009 | D:7      | 8009 ||| READING 3 scrolls of identify.
  8009 | D:7      | 8009 ||| IDENTIFYING fizzy emerald potion
  8010 | D:7      | 8010 ||| READING 2 scrolls of identify.
  8010 | D:7      | 8010 ||| IDENTIFYING sapphire potion
  8011 | D:7      | 8011 ||| DROPPING potion of berserk rage.
  8012 | D:7      | 8012 ||| DROPPING potion of attraction.
  8074 | D:8      | 8074 ||| FLEEEEING.
  8079 | D:8      | 8079 ||| INVOKING Heroism.
  8097 | D:8      | 8097 ||| INVOKING Heroism.
  8107 | D:8      | Reached skill level 3 in Invocations
  8122 | D:8      | 8122 ||| INVOKING Heroism.
  8135 | D:8      | HP: 10/54 [electric eel/bolt of electricity (12)]
  8136 | D:8      | 8136 ||| READING scroll of teleportation.
  8137 | D:8      | 8137 ||| DRINKING 3 potions of heal wounds.
  8142 | D:8      | Found a blossoming altar of Fedhas.
  8169 | D:8      | 8169 ||| INVOKING Heroism.
  8230 | D:8      | 8230 ||| INVOKING Heroism.
  8326 | D:8      | Found a sparkling altar of Nemelex Xobeh.
  8448 | D:8      | Reached skill level 11 in Axes
  8456 | D:8      | Found a bloodstained altar of Trog.
  8728 | D:8      | 8728 ||| Stepping ~*~*~tactically~*~*~ (hiding).
  8730 | D:8      | 8730 ||| Stepping ~*~*~tactically~*~*~ (hiding).
  8731 | D:8      | 8731 ||| Stepping ~*~*~tactically~*~*~ (hiding).
  8733 | D:8      | 8733 ||| Stepping ~*~*~tactically~*~*~ (hiding).
  8734 | D:8      | 8734 ||| Stepping ~*~*~tactically~*~*~ (hiding).
  8735 | D:8      | 8735 ||| Stepping ~*~*~tactically~*~*~ (hiding).
  8737 | D:8      | 8737 ||| Stepping ~*~*~tactically~*~*~ (hiding).
  8740 | D:8      | 8740 ||| Stepping ~*~*~tactically~*~*~ (hiding).
  8779 | D:8      | 8779 ||| INVOKING Heroism.
  8789 | D:8      | 8789 ||| Stepping ~*~*~tactically~*~*~ (stealth).
  8790 | D:8      | 8790 ||| Stepping ~*~*~tactically~*~*~ (stealth).
  8791 | D:8      | 8791 ||| Stepping ~*~*~tactically~*~*~ (stealth).
  8802 | D:8      | 8802 ||| READING scroll of acquirement.
  8802 | D:8      | 8802 ||| ACQUIRING +2 vorpal war axe
  8802 | D:8      | Acquired a +2 vorpal war axe
  8804 | D:8      | 8804 ||| SWAPPING to +2 vorpal war axe.
  8805 | D:8      | 8805 ||| DROPPING +0 war axe.
  8931 | D:8      | 8931 ||| INVOKING Heroism.
  8939 | D:8      | Reached skill level 3 in Dodging
  8945 | D:8      | Reached XP level 10. HP: 22/59 MP: 12/14
  8953 | D:8      | Reached skill level 12 in Axes
  9136 | D:8      | 9136 ||| INVOKING Heroism.
  9220 | D:8      | 9220 ||| UPGRADING to +2 pair of gloves.
  9278 | D:9      | Found a stormy altar of Qazlal.
  9281 | D:9      | Noticed a two-headed ogre
  9282 | D:9      | 9282 ||| INVOKING Heroism.
  9289 | D:9      | Killed a two-headed ogre
  9289 | D:9      | Reached ** piety under Okawaru
  9420 | D:9      | 9420 ||| INVOKING Heroism.
  9426 | D:9      | Reached skill level 3 in Throwing
  9455 | D:9      | 9455 ||| Stepping ~*~*~tactically~*~*~ (stealth).
  9459 | D:9      | 9459 ||| Stepping ~*~*~tactically~*~*~ (stealth).
  9462 | D:9      | Reached skill level 6 in Fighting
  9477 | D:9      | Found a radiant altar of Vehumet.
  9478 | D:9      | 9478 ||| INVOKING Heroism.
  9500 | D:9      | 9500 ||| Stepping ~*~*~tactically~*~*~ (stealth).
  9510 | D:9      | 9510 ||| Stepping ~*~*~tactically~*~*~ (hiding).
  9523 | D:9      | Reached *** piety under Okawaru
  9524 | D:9      | Found a snail-covered altar of Cheibriados.
  9562 | D:9      | 9562 ||| Stepping ~*~*~tactically~*~*~ (stealth).
  9565 | D:9      | 9565 ||| Stepping ~*~*~tactically~*~*~ (stealth).
  9566 | D:9      | 9566 ||| Stepping ~*~*~tactically~*~*~ (stealth).
  9655 | D:9      | Reached skill level 13 in Axes
  9700 | D:9      | Found a staircase to the Lair.
  9701 | D:9      | 9701 ||| INVOKING Heroism.
  9710 | D:9      | Reached skill level 6 in Armour
  9726 | D:9      | 9726 ||| INVOKING Heroism.
  9741 | D:9      | Reached XP level 11. HP: 64/64 MP: 13/15
  9868 | D:9      | 9868 ||| INVOKING Heroism.
  9976 | D:9      | 9976 ||| Stepping ~*~*~tactically~*~*~ (stealth).
  9978 | D:9      | 9978 ||| Stepping ~*~*~tactically~*~*~ (hiding).
  9980 | D:9      | 9980 ||| Stepping ~*~*~tactically~*~*~ (hiding).
 10021 | D:9      | 10021 ||| Stepping ~*~*~tactically~*~*~ (stealth).
 10024 | D:9      | 10024 ||| INVOKING Heroism.
 10086 | D:9      | 10086 ||| PLANNING LAIR
 10086 | D:9      | 10086 ||| READING 2 scrolls of identify.
 10086 | D:9      | 10086 ||| IDENTIFYING clear potion
 10087 | D:9      | 10087 ||| DROPPING potion of invisibility.
 10133 | Lair:1   | Entered Level 1 of the Lair of Beasts
 10165 | Lair:1   | Received a gift from Okawaru
 10184 | Lair:1   | 10184 ||| INVOKING Heroism.
 10206 | Lair:1   | 10206 ||| INVOKING Heroism.
 10216 | Lair:1   | Reached skill level 14 in Axes
 10291 | Lair:1   | 10291 ||| INVOKING Heroism.
 10291 | Lair:1   | Noticed a six-headed hydra
 10292 | Lair:1   | Noticed a death yak
 10294 | Lair:1   | 10294 ||| SWAPPING to +1 flail of protection.
 10308 | Lair:1   | Killed a six-headed hydra
 10308 | Lair:1   | Reached **** piety under Okawaru
 10309 | Lair:1   | 10309 ||| SWAPPING to +2 vorpal war axe.
 10311 | Lair:1   | 10311 ||| INVOKING Heroism.
 10324 | Lair:1   | Killed a death yak
 10403 | Lair:1   | You are sucked into a shaft and drop 1 floor!
 10441 | Lair:2   | 10441 ||| INVOKING Heroism.
 10478 | Lair:2   | 10478 ||| READING 2 scrolls labelled POSHRE QORO.
 10479 | Lair:2   | 10479 ||| READING 2 scrolls of identify.
 10479 | Lair:2   | 10479 ||| IDENTIFYING grey potion
 10480 | Lair:2   | 10480 ||| DROPPING scroll of fear.
 10481 | Lair:2   | 10481 ||| DROPPING potion of degeneration.
 10491 | Lair:1   | Found a runed translucent gate.
 10491 | Lair:1   | Found a runed translucent gate.
 10491 | Lair:1   | Found a runed translucent gate.
 10640 | Lair:1   | Noticed qw's ghost (journeyman TeWr)
 10814 | Lair:1   | 10814 ||| INVOKING Heroism.
 10864 | Lair:1   | 10864 ||| INVOKING Heroism.
 10961 | Lair:1   | Noticed a four-headed hydra
 10962 | Lair:1   | 10962 ||| INVOKING Heroism.
 10965 | Lair:1   | 10965 ||| SWAPPING to +1 flail of protection.
 10979 | Lair:1   | Killed a four-headed hydra
 10980 | Lair:1   | 10980 ||| SWAPPING to +2 vorpal war axe.
 11269 | Lair:1   | 11269 ||| DROPPING amulet of the acrobat.
 11270 | Lair:1   | 11270 ||| READING 2 scrolls of identify.
 11270 | Lair:1   | 11270 ||| IDENTIFYING amethyst potion
 11290 | Lair:2   | Noticed a lindwurm
 11291 | Lair:2   | 11291 ||| INVOKING Heroism.
 11299 | Lair:2   | Killed a lindwurm
 11300 | Lair:2   | Reached skill level 6 in Invocations
 11307 | Lair:2   | Found a staircase to the Swamp.
 11309 | Lair:2   | Noticed a bog body
 11310 | Lair:2   | 11310 ||| Stepping ~*~*~tactically~*~*~ (stealth).
 11312 | Lair:2   | 11312 ||| Stepping ~*~*~tactically~*~*~ (hiding).
 11312 | Lair:2   | Noticed a boulder beetle
 11329 | Lair:2   | HP: 10/67 [boulder beetle (26)]
 11330 | Lair:2   | 11330 ||| READING scroll of teleportation.
 11330 | Lair:2   | Slain by a boulder beetle

Levels and vault maps discovered:
D:1:      onia_arrival_pyramid, layout_rooms, serial_shops, shop,
          shapermc_ecumenical_altar_notcrosses, nicolae_wormholes
D:2:      minmay_chambers_of_ones, layout_rooms, serial_shops,
          nicolae_shop_hallway_stairs, uniq_natasha, uniq_robin, uniq_terence
D:3:      layout_basic, zin_scriptorium, gup_sewer_entry_bubbles, serial_shops,
          shop
D:4:      minmay_recursive_quarters, layout_cave_pools,
          kennysheep_vampire_church
D:5:      layout_loops_ring, nicolae_uskayaw_murder_on_the_dancefloor,
          nicolae_overflow_hidden_temple, serial_rivers,
          chequers_serial_rivers_small_a, chequers_serial_rivers_room_b,
          chequers_serial_rivers_micro_b, chequers_serial_rivers_micro_c,
          chequers_serial_rivers_room_b
D:6:      layout_cave_pods, yredelemnul_forgotten_temple_becter,
          nicolae_overflow_crystal_walls, minmay_temple_entry_antechambers,
          serial_park_tiny_1
D:7:      layout_layer_cave, uniq_duvessa
D:8:      layout_layer_cave, nemelex_spade_bored_becter,
          fedhas_altar_fruit_tree, mainiacjoe_overflow_tiny_flanked,
          enter_bailey_4, chequers_big_river
D:9:      layout_long_grid, overflow_temple_1_default,
          nicolae_qazlal_style_of_elements, vehumet_statue,
          grunt_lair_entry_orc_guard_hut
Temple:   chequers_temple_sunken
Lair:1:   layout_cave_pods, serial_rivers, chequers_serial_rivers_micro_b,
          chequers_serial_rivers_small_a, chequers_serial_rivers_micro_c,
          chequers_serial_rivers_small_b, chequers_serial_rivers_micro_d,
          gammafunk_ghost_necromancy
Lair:2:   layout_hall_layers, skrybe_swamp_entry_bodies,
          spider_nest_entry_web_field, nicolae_quartered_pool_medium

Skill      XL: |  1  2  3  4  5  6  7  8  9 10 11 |
---------------+----------------------------------+-----
Axes           | 3 4 5 6 7 8 10 11 13 14 | 14.5
Armour         | 3 4 6 |  6.1
Fighting       | 3 4 5 6 7 |  7.1
Shields        | 3 4 |  4.0
Throwing       | 2 3 4 |  4.0
Invocations    | 4 6 |  6.2
Dodging        | 3 4 |  4.2
Spellcasting   | |  2.0
Translocations | |  2.4

Action                   |  1- 3 |  4- 6 |  7- 9 | 10-12 || total
-------------------------+-------+-------+-------+-------++-------
Melee: Hand axe          |   115 |   146 |    64 |       ||   325
       Kick              |    31 |    37 |    85 |    94 ||   247
       Peck              |    12 |    18 |    55 |    50 ||   135
       War axe           |       |       |   260 |   242 ||   502
       Punch             |       |       |     3 |       ||     3
       Flail             |       |       |       |    26 ||    26
Throw: Boomerang         |     7 |    53 |    37 |       ||    97
       Javelin           |       |       |    23 |    20 ||    43
Invok: Heroism           |       |       |    11 |    17 ||    28
  Use: Scroll            |     2 |     8 |     8 |     5 ||    23
       Potion            |     2 |     1 |     2 |       ||     5
Armor: Leather armour    |    20 |       |       |       ||    20
       Ring mail         |    30 |    12 |       |       ||    42
       Chain mail        |       |    27 |   139 |   136 ||   302
Dodge: Dodged            |    91 |    66 |   183 |   158 ||   498
Block: Buckler           |       |       |    52 |    94 ||   146

Table legend:
 A = Non-vault XP
 B = Vault XP
 C = Vault XP percentage of total XP
 D = Non-vault monster count
 E = Vault monster count
 F = Vault count percentage of total count
                 A         B        C        D         E       F
            +---------+---------+-------+---------+---------+-------
      Total |   16191 |    1227 |   7.0 |     209 |      59 |  22.0
            +---------+---------+-------+---------+---------+-------
        D:1 |      37 |      23 |  38.3 |      23 |      11 |  32.4
        D:2 |     125 |     110 |  46.8 |      21 |       8 |  27.6
        D:3 |     205 |      25 |  10.9 |      20 |       7 |  25.9
        D:4 |     171 |     148 |  46.4 |       7 |      18 |  72.0
        D:5 |     405 |       0 |   0.0 |      14 |       0 |   0.0
        D:6 |     894 |       1 |   0.1 |      28 |       1 |   3.4
        D:7 |    1216 |     205 |  14.4 |      24 |       2 |   7.7
        D:8 |    1666 |      15 |   0.9 |      19 |       5 |  20.8
        D:9 |    3535 |     700 |  16.5 |      28 |       7 |  20.0
     Lair:1 |    6092 |       0 |   0.0 |      16 |       0 |   0.0
     Lair:2 |    1845 |       0 |   0.0 |       9 |       0 |   0.0
            +---------+---------+-------+---------+---------+-------
